 Seeded DCSS version 0.30.0-5-g1a98f26d00 (webtiles) character file.

Game seed: 18007716519941398942 (custom seed)

7 IndexError the Shooter (level 1, -2/16 HPs)
             Began as a Demonspawn Hunter on May 12, 2023.
             Frozen to death by an endoplasm (5 damage)
             ... on level 1 of the Dungeon.
             The game lasted 00:00:27 (73 turns).

IndexError the Shooter (Demonspawn Hunter)            Turns: 73, Time: 00:00:27

Health: -2/16      AC:  3    Str: 11    XL:     1   Next: 83%
Magic:  1/1        EV: 11    Int: 10    God:
Gold:   9          SH:  0    Dex: 16    Spells: 0/0 levels left

rFire   . . .        a - +0 shortbow
rCold   . . .        (shield currently unavailable)
rNeg    . . .        c - +0 leather armour
rPois   .            (no helmet)
rElec   .            (no cloak)
rCorr   .            (no gloves)
SInv    .            (no boots)
Will    .....        (no amulet)
Stlth   +            (no ring)
HPRegen 0.22/turn    (no ring)
MPRegen 0.07/turn

%: no passive effects
@: no status effects
A: no striking features
a: no special abilities


You were on level 1 of the Dungeon.
You visited 1 branch of the dungeon, and saw 1 of its levels.

You collected 9 gold pieces.

Inventory:

Hand Weapons
 a - a +0 shortbow (weapon)
Armour
 c - a +0 leather armour (worn)
Jewellery
 f - an amulet of faith {Faith, !P}
   (You found it on level 1 of the Dungeon)
Scrolls
 b - a scroll of immolation {!r}
 d - a scroll of magic mapping {unknown}
Potions
 e - a potion of berserk rage {unknown}


   Skills:
 + Level 2.2 Fighting
 * Level 3.8 Ranged Weapons
 - Level 1.7 Dodging
 - Level 0.8 Stealth


You couldn't memorise any spells.
You didn't know any spells.
Your spell library was empty.

Dungeon Overview and Level Annotations

Branches:
Dungeon (1/15)

Altars:


Message History

Unknown command.
Unknown command.
Unknown command.
Unknown command.
d - a scroll labelled DAUD DOTON
e - a pink potion
f - an amulet of faith {Faith, !P} You now have 9 gold pieces.
A jackal comes into view.
You shoot an arrow. The arrow hits the jackal!
No target in view! 2 jackals and 2 endoplasms come into view.
The endoplasm quivers. x2
You shoot an arrow. The arrow hits the endoplasm.
You shoot an arrow. The arrow hits the endoplasm.
You shoot an arrow. The arrow hits the endoplasm.
You shoot an arrow. The arrow hits the endoplasm.
No target in view!
Found a stone staircase leading down.
No target in view!
You shoot an arrow. The arrow hits the jackal.
The jackal barks!
You hear a bark!
A jackal comes into view.
You shoot an arrow. The jackal barks!
The arrow hits the jackal.
You shoot an arrow. The arrow closely misses the jackal.
An endoplasm comes into view.
You shoot an arrow. The arrow barely misses the jackal.
The endoplasm quivers.
The jackal bites you.
You take 2 damage, and have 14/16 hp.
You shoot an arrow. The arrow hits the jackal.
The jackal bites you. x2
You take 5 damage, and have 9/16 hp.
MASSIVE DAMAGE!!
You are too injured to fight recklessly!
You are too injured to fight recklessly!
You are too injured to fight recklessly!
You are too injured to fight recklessly!
You are too injured to fight recklessly!
The jackal attacks as you move away! The jackal closely misses you. x2
The jackal barely misses you.
The jackal bites you but does no damage.
The jackal attacks as you move away! The jackal bites you.
The jackal attacks as you move away! The jackal bites you.
The jackal attacks as you move away!
The jackal bites you but does no damage.
You take 2 damage, and have 8/16 hp.
The jackal attacks as you move away! The jackal completely misses you.
The jackal bites you.
You take 1 damage, and have 7/16 hp.
You are too injured to fight recklessly!
You are too injured to fight recklessly!
Fire: a) +0 shortbow
Press: ? - help, Q - select action Shift-Dir - straight line, f/p - jackal
Aim: a jackal (heavily wounded, 55% to hit)
You shoot an arrow. The arrow barely misses the jackal.
The jackal completely misses you.
Fire: a) +0 shortbow
Press: ? - help, Q - select action Shift-Dir - straight line, f/p - jackal
Aim: a jackal (heavily wounded, 55% to hit)
You shoot an arrow. The arrow hits the jackal.
The jackal bites you but does no damage.
The jackal closely misses you. The jackal barely misses you.
Fire: a) +0 shortbow
Press: ? - help, Q - select action Shift-Dir - straight line, f - jackal
Aim: a jackal (heavily wounded, 55% to hit)
You shoot an arrow. The arrow hits the jackal.
The jackal bites you but does no damage.
The jackal barely misses you. The endoplasm freezes you.
You are frozen.
You take 2 damage, and have 6/16 hp.
The jackal barely misses you. The endoplasm freezes you.
You are frozen.
* * * LOW HITPOINT WARNING * * *
Fire: a) +0 shortbow
Press: ? - help, Q - select action Shift-Dir - straight line, f - endoplasm
Aim: an endoplasm (86% to hit)
You shoot an arrow. The arrow hits the endoplasm.
The jackal closely misses you. The jackal barely misses you.
The endoplasm closely misses you.
You take 2 damage, and have 4/16 hp.
Fire: a) +0 shortbow
Press: ? - help, Q - select action Shift-Dir - straight line, f/p - endoplasm
Aim: an endoplasm (heavily wounded, 86% to hit)
You shoot an arrow.
The arrow completely misses the endoplasm.
The jackal barely misses you.
The endoplasm hits you but does no damage.
The jackal bites you.
* * * LOW HITPOINT WARNING * * *
Fire: a) +0 shortbow
Press: ? - help, Q - select action Shift-Dir - straight line, f/p - endoplasm
Aim: an endoplasm (heavily wounded, 86% to hit)
You shoot an arrow. The arrow hits the endoplasm.
The jackal bites you but does no damage.
The endoplasm freezes you.
You are frozen.
You die...

#§#.............#≈#
. #.............##..
#.............# .#
##...........## .
##.........## ..
##.......## ...
..#######.#######.†#
.......#..J#.......#
........#@#........#
.........#h....####
######.#.....#.####
#..#...##....##.
#.....#........>
##.####......... +..
#........# ##.
#........# #.
#........#


You could see an endoplasm and a jackal.

Vanquished Creatures
  2 endoplasms (D:1)
  3 jackals (D:1)
5 creatures vanquished.

Notes
Turn   | Place    | Note
-------+----------+-------------------------------------------
     0 | D:1      | IndexError the Demonspawn Hunter began the quest for the
                  | Orb.
     0 | D:1      | Reached XP level 1. HP: 16/16 MP: 1/1
    70 | D:1      | HP: 4/16 [frozen (2)]
    73 | D:1      | Frozen to death by an endoplasm

Illustrated notes

Levels and vault maps discovered:
D:1:      psy_arrival_dodecagon, layout_basic,
          dreamdust_ecumenical_altar_sealed_demon

Action                     || total
---------------------------++-------
   Fire: Shortbow          ||    16
 Armour: Leather armour    ||     6
  Dodge: Dodged            ||    13

Levels and vault maps discovered:
D:1:      psy_arrival_dodecagon, layout_basic,
          dreamdust_ecumenical_altar_sealed_demon

Table legend: (Time is in decaauts)
 A = Elapsed time spent in this place.
 B = Non-inter-level travel time spent in this place.
 C = Inter-level travel time spent in this place.
 D = Time resting spent in this place.
 E = Time spent auto-exploring this place.
 F = Levels seen in this place.
 G = Mean time per level.
                   A        B        C        D        E       F      G
               +--------+--------+--------+--------+--------+-----+--------+
         Total |     77 |     77 |      0 |      0 |     32 |   1 |   77.0 |
       Dungeon |     77 |     77 |      0 |      0 |     32 |   1 |   77.0 |
               +--------+--------+--------+--------+--------+-----+--------+

Top non-repeatable levels by time:
     D:1: 77 daAuts

Table legend:
 A = Kills in this place as a percentage of kills in the entire game.
 B = Kills by you in this place as a percentage of kills by you in the entire game.
 C = Kills by friends in this place as a percentage of kills by friends in the entire game.
 D = Other kills in this place as a percentage of other kills in the entire game.
 E = Experience gained in this place as a percentage of experience gained in the entire game.
 F = Experience gained in this place divided by the number of levels of this place that you have seen.
                   A       B       C       D       E      F
               +-------+-------+-------+-------+-------+----------------------
         Total | 100.0 | 100.0 |   N/A |   N/A | 100.0 |  10.0
       Dungeon | 100.0 | 100.0 |   N/A |   N/A | 100.0 |  10.0
               +-------+-------+-------+-------+-------+----------------------
